 Dungeon Crawl Stone Soup version 0.30-a0-377-g5cb311bc9f (webtiles) character file.

Game seed: 12787369109072495465

281 Shayle the Trooper (level 6, 48/48 HPs)
             Began as a Demonspawn Reaver on Nov 28, 2022.
             Quit the game on level 4 of the Dungeon.
             The game lasted 00:16:27 (3346 turns).

Shayle the Trooper (Demonspawn Reaver)              Turns: 3346, Time: 00:16:28

Health: 48/48      AC: 15    Str: 12    XL:     6   Next: 6%
Magic:  9/9        EV:  9    Int: 16    God:
Gold:   175        SH:  0    Dex: 12    Spells: 8/9 levels left

rFire   . . .      SeeInvis .    h - +1 dagger (venom)
rCold   . . .      Faith    .    (no shield)
rNeg    . . .      Spirit   .    e - +3 scale mail
rPois   .          Reflect  .    (no helmet)
rElec   .          Harm     .    (no cloak)
rCorr   .          Rampage  .    j - +0 pair of gloves
Will    .....                    m - +0 pair of boots
Stlth   +.........               (no amulet)
HPRegen 0.28/turn                (no ring)
MPRegen 0.11/turn                (no ring)

@: no status effects
A: hooves 1, icy blue scales 2, powered by pain 1
a: no special abilities


You were on level 4 of the Dungeon.
You visited 1 branch of the dungeon, and saw 4 of its levels.

You collected 175 gold pieces.

Inventory:

Hand Weapons
 a - a +0 hand axe
 h - a +1 dagger of venom (weapon)
 k - a +4 dagger
Armour
 b - a +0 leather armour
 e - a +3 scale mail (worn)
 f - a +0 ring mail
 j - a +0 pair of gloves (worn)
 m - a +0 pair of boots (worn)
Wands
 o - a wand of paralysis (1)
Scrolls
 c - 3 scrolls of identify {unknown}
 d - a scroll of torment {unknown}
 g - a scroll of silence {unknown}
 l - a scroll of teleportation {unknown}
Potions
 i - a potion of lignification
 n - a potion of heal wounds {unknown}


   Skills:
 + Level 4.0 Fighting
 - Level 2.6 Axes
 + Level 2.9 Armour
 - Level 1.7 Dodging
 + Level 3.2 Stealth
 - Level 2.0 Spellcasting
 - Level 3.0 Conjurations


You had 8 spell levels left.
You knew the following spells:

 Your Spells              Type           Power      Damage    Failure   Level
a - Kiss of Death         Conj/Necr      24%        2d7       50%         1

Your spell library contained the following spells:

 Spells                   Type           Power      Damage    Failure   Level
 Momentum Strike          Conj/Tloc      12%        3d8       63%         2
 Beastly Appendage        Tmut           2%         N/A       71%         1
 Wereblood                Tmut           1%         N/A       83%         2
 Hailstorm                Conj/Ice       6%         3d4       86%         3
 Spider Form              Tmut/Pois      1%         N/A       97%         3
 Vhi's Electric Charge    Tloc/Air       2%         N/A       97%         3
 Passage of Golubria      Tloc           1%         N/A       100%        4
 Arcjolt                  Conj/Air       3%         1d13      100%        5
 Silence                  Hex/Air        0%         N/A       100%        5
 Lehudib's Crystal Spear  Conj/Erth      3%         10d2      100%        8
 Maxwell's Capacitive Co  Air            0%         ∞         100%        8


Dungeon Overview and Level Annotations

Branches:
Dungeon (4/15)
 Temple: D:4-7

Altars:


Innate Abilities, Weirdness & Mutations

You have large cloven feet.
You are mostly covered in icy blue scales. (AC +3)
You sometimes gain a little power by taking damage.


Message History

The gnoll is severely wounded.
The gnoll hits you but does no damage.
You completely miss the gnoll.
The gnoll is severely wounded.
The gnoll closely misses you.
You closely miss the gnoll.
The gnoll is almost dead.
You kill the gnoll!
Things that are here:
a +0 whip; a +0 spear
Things that are here:
a +0 club; a +0 halberd
Things that are here:
a +0 whip; a +0 spear An ogre comes into view.
It is wielding a +0 giant spiked club.
Found a club.
The ogre shouts!
Aiming: Paralyse
Press: ? - help, Shift-Dir - straight line, f - ogre
Aim: an ogre, wielding a +0 giant spiked club (chance to affect: 49%)
The ogre suddenly stops moving!
The helpless ogre fails to defend itself.
You puncture the ogre!
The ogre is poisoned.
The ogre is moderately wounded.
Unknown command.
The helpless ogre fails to defend itself.
You puncture the ogre!
The ogre is severely wounded.
The helpless ogre fails to defend itself.
You hit the ogre.
The ogre looks as sick as possible!
The ogre is almost dead.
The helpless ogre fails to defend itself.
You puncture the ogre!
You kill the ogre!
Your Fighting skill increases to level 4!
Your Stealth skill increases to level 3!
You have reached level 6!
Your demonic ancestry asserts itself...
Your feet thicken and deform.
Are you sure you want to abandon this character and quit the game? (Confirm with "yes".)

##....# #.#
####.# #.# #'#
#.# ...
####.######
...
#.........#
...
#.##......#
#...
##.#...###.###
'...
+)............
#...
##.#..@###.###
. #.##.)# #
#..# #... ....
###.## .# #.#
#.## #.#
##...##


There were no monsters in sight!

Vanquished Creatures
  An ogre (D:4)
  A jelly (D:4)
  Jessica (D:3)
  An orc wizard (D:3)
  4 gnolls (D:4)
  2 worms (D:2)
  A dart slug (D:3)
  8 orcs
  2 bats
  5 endoplasms
  4 giant cockroaches
  9 goblins
  10 hobgoblins
  A quokka (D:4)
  3 ball pythons
  3 frilled lizards
  3 kobolds
  5 rats
64 creatures vanquished.

Notes
Turn   | Place    | Note
-------+----------+-------------------------------------------
     0 | D:1      | Shayle the Demonspawn Reaver began the quest for the Orb.
     0 | D:1      | Reached XP level 1. HP: 16/16 MP: 3/3
   608 | D:1      | Gained mutation: You are partially covered in icy blue
                  | scales. (AC +2) [demonic ancestry]
   608 | D:1      | Reached XP level 2. HP: 17/22 MP: 5/5
  1005 | D:2      | Reached skill level 1 in Armour
  1005 | D:2      | Reached skill level 1 in Stealth
  1068 | D:2      | HP: 1/23 [worm (8)]
  1399 | D:2      | Gained mutation: You are mostly covered in icy blue scales.
                  | (AC +3) [demonic ancestry]
  1399 | D:2      | Reached XP level 3. HP: 28/28 MP: 6/6
  2235 | D:3      | Noticed Jessica
  2256 | D:3      | HP: 1/28 [something/nerve-wracking pain (11)]
  2260 | D:3      | Killed Jessica
  2261 | D:3      | Reached skill level 3 in Fighting
  2261 | D:3      | Reached XP level 4. HP: 3/35 MP: 7/7
  2996 | D:4      | HP: 2/52 [acid (3)]
  2997 | D:4      | Gained mutation: You sometimes gain a little power by
                  | taking damage. [demonic ancestry]
  2997 | D:4      | Reached XP level 5. HP: 3/41 MP: 8/8
  3336 | D:4      | Noticed an ogre
  3345 | D:4      | Killed an ogre
  3346 | D:4      | Reached skill level 4 in Fighting
  3346 | D:4      | Gained mutation: You have large cloven feet. [demonic
                  | ancestry]
  3346 | D:4      | Reached XP level 6. HP: 48/48 MP: 9/9
  3346 | D:4      | Quit the game

Illustrated notes

Levels and vault maps discovered:
D:1:      dpeg_chamrin_arrival_tetris, layout_loops_corners
D:2:      cheibrodos_greedy_goblins, layout_basic
D:3:      layout_basic, minivault_11, minmay_liquid_box,
          kennysheep_another_room, uniq_jessica
D:4:      layout_loops_corners, chequers_serial_rivers_room_a, uniq_duvessa

Skill      XL: |  1  2  3  4  5 |
---------------+----------------+-----
Armour         | 1 2 |  2.9
Stealth        | 1 2 3 |  3.2
Fighting       | 3 4 |  4.0
Axes           | |  2.6
Dodging        | |  1.7
Spellcasting   | |  2.0
Conjurations   | |  3.0

Action                   |  1- 3 |  4- 6 || total
-------------------------+-------+-------++-------
Melee: Hand axe          |    99 |       ||    99
       Punch             |     3 |     1 ||     4
       Dagger            |    67 |    77 ||   144
Evoke: Wand              |       |     1 ||     1
  Use: Potion            |     3 |     1 ||     4
 Stab: Sleeping          |     1 |       ||     1
       Paralysed         |       |     4 ||     4
Armor: Leather armour    |    17 |       ||    17
       Ring mail         |    37 |     1 ||    38
       Scale mail        |       |    25 ||    25
       Skin              |       |     1 ||     1
Dodge: Dodged            |    72 |    32 ||   104

Table legend: (Time is in decaauts)
 A = Elapsed time spent in this place.
 B = Non-inter-level travel time spent in this place.
 C = Inter-level travel time spent in this place.
 D = Time resting spent in this place.
 E = Time spent auto-exploring this place.
 F = Levels seen in this place.
 G = Mean time per level.
                   A        B        C        D        E       F      G
               +--------+--------+--------+--------+--------+-----+--------+
         Total |   3373 |   3309 |     64 |    252 |   2302 |   4 |  843.2 |
       Dungeon |   3373 |   3309 |     64 |    252 |   2302 |   4 |  843.2 |
               +--------+--------+--------+--------+--------+-----+--------+

Top non-repeatable levels by time:
     D:2: 1062 daAuts
     D:1: 1013 daAuts
     D:3: 815 daAuts
     D:4: 481 daAuts
